 Dungeon Crawl Stone Soup version 0.26.1-11-gd32895ea62 (webtiles) character file.

Game seed: 940861857948680510

20 hawla the Conjurer (level 2, -1/23 HPs)
             Began as a Draconian Conjurer on May 4, 2021.
             Slain by a gnoll
             ... wielding a +0 spear
              (9 damage)
             ... on level 2 of the Dungeon.
             The game lasted 00:02:47 (971 turns).

hawla the Conjurer (Draconian Conjurer)              Turns: 971, Time: 00:02:47

Health: -1/23      AC:  4    Str:  9    XL:     2   Next: 58%
Magic:  0/5        EV: 12    Int: 18    God:
Gold:   79         SH:  0    Dex:  9    Spells: 2/5 levels left

rFire    + . .     SeeInvis .   (no weapon)
rCold    + . .     Faith    .   (no shield)
rNeg     . . .     Spirit   .   (armour unavailable)
rPois    +         Reflect  .   (helmet restricted)
rElec    +         Harm     .   (no cloak)
rCorr    +         Rampage  .   (no gloves)
Will     .....                  (no boots)
Stlth    ++........             (no amulet)
HPRegen  0.07/turn              (no ring)
MPRegen  0.09/turn              (no ring)

@: resistant
A: unfitting armour, cold-blooded, AC +4
a: no special abilities


You were on level 2 of the Dungeon.
You visited 1 branch of the dungeon, and saw 2 of its levels.

You collected 79 gold pieces.

Inventory:

Missiles
 i - 6 boomerangs (quivered)
Scrolls
 b - a scroll of magic mapping
Potions
 a - a potion of heal wounds


   Skills:
 - Level 1.0 Fighting
 - Level 2.0 Dodging
 - Level 2.0 Stealth
 + Level 2.2 Spellcasting
 + Level 4.1 Conjurations
 + Level 0.6 Translocations


You had 2 spell levels left.
You knew the following spells:

 Your Spells              Type           Power        Failure   Level
a - Magic Dart            Conj           64%          3%          1
b - Searing Ray           Conj           32%          4%          2

Your spell library contained the following spells:

 Spells                   Type           Power        Failure   Level
 Dazzling Flash           Conj/Hex       18%          22%         3
 Iskenderun's Mystic Bla  Conj/Tloc      10%          54%         4
 Fulminant Prism          Conj/Hex       4%           58%         4


Dungeon Overview and Level Annotations

Branches:
Dungeon (2/15)

Altars:


Innate Abilities, Weirdness & Mutations

Your plain brown scales are hard. (AC +4)
You cannot fit into any form of body armour.
You are cold-blooded and may be slowed by cold attacks.


Message History

You hear a shout! x2; You hear an angry hiss.
The searing ray hits the gnoll.
The gnoll is almost dead.
Without enough magic to sustain it, your searing ray dissipates.
The gnoll hits you from afar with a +0 spear.
The gnoll closely misses you.
You completely miss the gnoll.
The gnoll is almost dead.
The gnoll hits you with a +0 spear.
You closely miss the gnoll.
The gnoll is almost dead.
The gnoll hits you with a +0 spear!
You are too injured to fight recklessly!
You are too injured to fight recklessly!
You are too injured to fight recklessly!
You are too injured to fight recklessly!
It was a potion of resistance.
You feel protected. The gnoll hits you with a +0 spear!
You die...

,,,,,,,*****,*,****************
,,,,,,,,,,,,,*,* *,,,,,,*
,,,,,,,,,,,,,*,* *,***,**
******,,,,,,,*,####*****,***,*
*,,,,*******,*,...,,,,,,,*,,,*
,,,,,* *,**#).,,,,,,,,,***
,,,,,* *,,,#.#*******,,* ,,,,,*
***,#g# *,,* *,,,,* #.#@# *,,*
*,,,,* #.#.# *,,* *,,,,* #.#.#
*,,* *,,,,* #.#.########,,*
****** #.#........#,,*
#.#..#####.#,,* #.#.....#*,*,,*
*******#.##.##.#*,****
*,,,,,,#.......#*,*


You could see a gnoll.

Vanquished Creatures
  A dart slug (D:1)
  2 leopard geckos
  A giant cockroach (D:1)
  2 goblins (D:1)
  2 hobgoblins
  A bat (D:1)
  A frilled lizard (D:1)
  2 kobolds (D:1)
  5 rats (D:1)
17 creatures vanquished.

Notes
Turn   | Place    | Note
-------+----------+-------------------------------------------
     0 | D:1      | hawla the Draconian Conjurer began the quest for the Orb.
     0 | D:1      | Reached XP level 1. HP: 14/14 MP: 3/3
   389 | D:1      | Reached XP level 2. HP: 22/22 MP: 0/5
   471 | D:1      | Learned a level 2 spell: Searing Ray
   947 | D:2      | Reached skill level 1 in Fighting
   971 | D:2      | Slain by a gnoll

Illustrated notes

Levels and vault maps discovered:
D:1:      minmay_arrival_three_doors, layout_loops_ring
D:2:      layout_basic, uniq_natasha, uniq_terence

Skill      XL: |  1  2 |
---------------+-------+-----
Stealth        | 2 |  2.0
Dodging        | 2 |  2.0
Fighting       | 1 |  1.0
Spellcasting   | |  2.2
Conjurations   | |  4.1
Translocations | |  0.6

Action                   || total
-------------------------++-------
Melee: Unarmed           ||     9
 Cast: Magic Dart        ||    22
       Searing Ray       ||     4
  Use: Scroll            ||     6
       Potion            ||     1
Armor: Skin              ||     5
Dodge: Dodged            ||     4
